 Dungeon Crawl Stone Soup version 0.26.1-11-gd32895ea62 (webtiles) character file.

Game seed: 909785840479996019

908 H0rd4k the Insei (level 8, -2/48 HPs)
             Began as an Octopode Transmuter on July 20, 2021.
             Was an Initiate of Gozag.
             Splashed by a jelly's acid (10 damage)
             ... on level 7 of the Dungeon.
             The game lasted 00:07:47 (6876 turns).

H0rd4k the Insei (Octopode Transmuter)              Turns: 6876, Time: 00:07:48

Health: -2/48      AC: -11   Str: 10    XL:     8   Next: 8%
Magic:  13/13      EV: 14    Int: 17    God:    Gozag
Gold:   226        SH:  5    Dex: 12    Spells: 10/14 levels left

rFire    . . .     SeeInvis .     - Unarmed
rCold    . . .     Faith    .   (no shield)
rNeg     . . .     Spirit   .   (helmet restricted)
rPois    .         Reflect  +   c - amulet of reflection
rElec    .         Harm     .   (no ring)
rCorr    .         Rampage  .   (no ring)
Will     .....                  (no ring)
Stlth    ++++......             (no ring)
HPRegen  0.16/turn              (no ring)
MPRegen  0.13/turn              (no ring)
                                (no ring)
                                (no ring)

@: corroded
A: almost no armour, stealthy swim, amphibious, 8 rings, constrict 8, camouflage
1, gelatinous body 1
a: Renounce Religion, Potion Petition, Call Merchant, Bribe Branch


You were on level 7 of the Dungeon.
You worshipped Gozag.
Gozag was aware of your devotion.
You visited 2 branches of the dungeon, and saw 8 of its levels.

You collected 311 gold pieces.
You paid 85 gold pieces to Gozag.

Inventory:

Missiles
 e - 33 poisoned darts
Jewellery
 c - an amulet of reflection (around mantle)
 i - an uncursed ring of flight {unknown}
 j - a +4 ring of evasion
Wands
 k - a wand of paralysis (10)
Scrolls
 b - a scroll of fear
 d - 7 scrolls of identify
 f - 3 scrolls of teleportation {unknown}
 m - 3 scrolls of remove curse
 p - a scroll of fog {unknown}
 q - a scroll of immolation {unknown}
 r - a scroll of magic mapping {unknown}
Potions
 a - 3 potions of curing {unknown}
 g - a potion of magic {unknown}
 h - a potion of lignification {unknown}
 l - a potion of attraction {unknown}
 n - a potion of heal wounds {unknown}
 o - 2 potions of degeneration {unknown}


   Skills:
 + Level 1.3 Fighting
 + Level 3.3 Dodging
 + Level 5.1 Stealth
 + Level 1.0 Shields
 + Level 5.6 Unarmed Combat
 * Level 3.8 Spellcasting
 * Level 3.9 Transmutations
 - Level 2.5 Poison Magic


You had 10 spell levels left.
You knew the following spells:

 Your Spells              Type           Power        Failure   Level
a - Beastly Appendage     Tmut           32%          3%          1
b - Spider Form           Tmut/Pois      7%           13%         3

Your spell library contained the following spells:

 Spells                   Type           Power        Failure   Level
 Wereblood                Tmut           16%          4%          2
 Animate Skeleton         Necr           6%           16%         1
 Apportation              Tloc           6%           16%         1
 Corona                   Hex            3%           16%         1
 Summon Small Mammal      Summ           12%          16%         1
 Ice Form                 Ice/Tmut       9%           56%         4
 Blade Hands              Tmut           8%           65%         5


Dungeon Overview and Level Annotations

Branches:
Dungeon (7/15)             Temple (1/1) D:5

Altars:
Ashenzari
Cheibriados
Dithmenos
Elyvilon
Fedhas
Gozag
Hepliaklqana
Kikubaaqudgha
Makhleb
Okawaru
Qazlal
Ru
Sif Muna
Uskayaw
Xom
Yredelemnul
Zin

Shops:
D:4 (   D:5 *

Annotations:
D:6 exclusion: ice beast, Blork the orc


Innate Abilities, Weirdness & Mutations

You cannot wear most types of armour.
You are very stealthy in the water. (Stealth+)
You are amphibious.
You can wear up to eight rings at the same time.
You can use your tentacles to constrict eight enemies at once.
Your skin changes colour to match your surroundings (Stealth+).
Your rubbery body absorbs attacks. (AC +1, EV +1)


Message History

You squeeze the jelly, but do no damage.
The jelly is heavily wounded.
The jelly completely misses you.
You tentacle-slap the jelly but do no damage.
Your tentacles burn!
The jelly is heavily wounded.
The jelly hits you.
* * * LOW HITPOINT WARNING * * *
You are splashed with acid!
* * * LOW HITPOINT WARNING * * *
An ooze comes into view.
Found 4 gold pieces.
An adder and a scorpion come into view.
The ooze quivers.
Found a mace.
The jelly hits you.
* * * LOW HITPOINT WARNING * * *
The acid corrodes you!
You are splashed with acid!
You die...
Your body crumbles into a pile of gold.

....#. #s. .
.......#.##.# ..
.#........$.S# ##..#
...)......#.###...#
###.....#......<.# .
.......###.....###
... #.....##.....###
#..#...............#
#...@J..J..........#
#...##+##...........
......# ##...##.....
.##..# ##### .....
#.# #.... #.# .# $
..# $ .#


You could see a jelly and an ooze.

Vanquished Creatures
  An orc warrior (D:6)
  2 centaurs
  2 howler monkeys
  A crimson imp (D:3)
  A bullfrog zombie (D:5)
  A quasit (D:6)
  A hound (D:4)
  A bullfrog skeleton (D:5)
  5 orc wizards
  3 worker ants
  A hound zombie (D:4)
  Robin (D:2)
  4 adders
  4 gnolls
  A white imp (D:6)
  An ooze (D:2)
  An adder skeleton (D:4)
  A worm (D:3)
  2 dart slugs (D:1)
  8 leopard geckos
  9 orcs
  A ball python (D:5)
  6 bats
  4 giant cockroaches
  13 goblins
  10 hobgoblins
  2 jackals (D:1)
  3 quokkas
  3 frilled lizards
  2 jackal skeletons (D:4)
  6 kobolds
  3 rats
104 creatures vanquished.

Notes
Turn   | Place    | Note
-------+----------+-------------------------------------------
     0 | D:1      | H0rd4k the Octopode Transmuter began the quest for the Orb.
     0 | D:1      | Reached XP level 1. HP: 13/13 MP: 3/3
    90 | D:1      | Reached XP level 2. HP: 17/18 MP: 5/5
   387 | D:1      | Reached skill level 1 in Stealth
   719 | D:1      | Reached XP level 3. HP: 23/23 MP: 6/6
   723 | D:1      | Learned a level 3 spell: Spider Form
  1533 | D:2      | Noticed Robin
  1812 | D:2      | Killed Robin
  1813 | D:2      | Reached XP level 4. HP: 26/28 MP: 5/7
  2000 | D:2      | Noticed a centaur
  2012 | D:2      | Killed a centaur
  2013 | D:2      | Reached skill level 1 in Poison Magic
  2013 | D:2      | Reached XP level 5. HP: 10/33 MP: 5/9
  3358 | D:3      | Reached XP level 6. HP: 38/38 MP: 10/10
  3552 | D:3      | Found a blossoming altar of Fedhas.
  3560 | D:3      | Found an ancient bone altar of Kikubaaqudgha.
  3566 | D:3      | Found a shimmering blue altar of Sif Muna.
  3647 | D:3      | Found a shimmering altar of Xom.
  3647 | D:3      | Found a burning altar of Makhleb.
  4191 | D:4      | Reached XP level 7. HP: 38/43 MP: 4/11
  4285 | D:4      | Found Zairumm's Weapon Emporium.
  5020 | D:5      | Entered Level 5 of the Dungeon
  5053 | D:5      | Found a sacrificial altar of Ru.
  5053 | D:5      | Found a basalt altar of Yredelemnul.
  5053 | D:5      | Found a hazy altar of Hepliaklqana.
  5066 | D:5      | Found Iqidijel's Lightly-Used Armoury.
  5239 | D:5      | Found the +3 robe of Folly {Archmagi, Will-- Int+5}
  5299 | D:5      | Reached skill level 5 in Unarmed Combat
  5588 | D:5      | Found a staircase to the Ecumenical Temple.
  6163 | Temple   | Entered the Ecumenical Temple
  6406 | Temple   | Became a worshipper of Gozag Ym Sagoz the Greedy
  6589 | D:6      | Reached skill level 5 in Stealth
  6823 | D:6      | Noticed Blork the orc
  6837 | D:6      | Reached skill level 1 in Shields
  6837 | D:6      | Reached XP level 8. HP: 26/48 MP: 10/13
  6876 | D:7      | Splashed by a jelly's acid

Illustrated notes

Levels and vault maps discovered:
D:1:      psy_arrival_radial02, layout_loops_corners
D:2:      cheibrodos_old_hovel, layout_loops_ring, uniq_robin
D:3:      layout_rooms, grunt_temple_overflow_champion_of_chaos,
          minmay_overflow_temple_star_quad, nrook_mini_vaults
D:4:      layout_cave_pods, serial_shops, shop
D:5:      layout_basic, grunt_temple_overflow_open, minmay_temple_entry_trees,
          minmay_shop_damaged
D:6:      layout_basic, uniq_blork_the_orc, uniq_duvessa, uniq_grinder
D:7:      layout_rooms, kennysheep_big_empty_room, kennysheep_diamond,
          grunt_ashenzari_visionary [grunt_ashenzari_visionary_swamp,
          grunt_ashenzari_visionary_spider]
Temple:   nicolae_temple_figure_eight

Skill      XL: |  1  2  3  4  5  6  7 |
---------------+----------------------+-----
Stealth        | 1 2 3 4 5 |  5.1
Poison Magic   | 1 2 |  2.5
Unarmed Combat | 4 5 |  5.6
Spellcasting   | 3 |  3.8
Transmutations | 3 |  3.9
Dodging        | 3 |  3.3
Shields        | 1 |  1.0
Fighting       | |  1.3

Action                   |  1- 3 |  4- 6 |  7- 9 || total
-------------------------+-------+-------+-------++-------
Melee: Unarmed           |    80 |   118 |    96 ||   294
       Constrict         |    28 |    13 |     9 ||    50
       Tentacles         |    10 |     6 |     9 ||    25
       Punch             |     1 |     2 |     1 ||     4
       Kick              |     2 |     1 |       ||     3
 Cast: Beastly Appendage |     1 |     2 |       ||     3
       Spider Form       |       |    10 |    14 ||    24
  Use: Scroll            |       |       |     3 ||     3
 Stab: Sleeping          |    10 |     6 |     7 ||    23
Armor: Skin              |     5 |     8 |     5 ||    18
Dodge: Dodged            |    45 |    84 |    93 ||   222
Block: Other             |       |    19 |    17 ||    36
       Reflection        |       |     1 |     5 ||     6
